 Dungeon Crawl Stone Soup version 0.22-a0-247-gbddf880 (webtiles) character file.

142 Gorglomux the Skirmisher (level 5, -10/46 HPs)
             Began as a Minotaur Earth Elementalist on Feb 24, 2018.
             Mangled by George's ghost (11 damage)
             ... on level 3 of the Dungeon.
             The game lasted 00:02:14 (2033 turns).

Gorglomux the Skirmisher (MiEE)                     Turns: 2033, Time: 00:02:15

Health: -10/46     AC:  9    Str: 14    XL:     5   Next: 3%
Magic:  6/6        EV:  6    Int: 12    God:
Gold:   139        SH:  3    Dex: 10    Spells: 5/6 levels left

rFire    . . .     SeeInvis .   m - +0 hand axe
rCold    . . .     Gourm    .   s - +0 buckler
rNeg     . . .     Faith    .   n - +1 chain mail
rPois    .         Spirit   .   (helmet restricted)
rElec    .         Reflect  .   (no cloak)
rCorr    .         Harm     .   (no gloves)
MR       .....                  (no boots)
Stlth    ..........             V - amulet of rage
HPRegen  0.15/turn              (no ring)
MPRegen  0.10/turn              x - ring of stealth

@: berserk cooldown, slowed, very slow
A: retaliatory headbutt, horns 2
a: Evoke Berserk Rage


You were on level 3 of the Dungeon.
You were hungry.

You visited 1 branch of the dungeon, and saw 3 of its levels.

You collected 139 gold pieces.

Inventory:

Hand Weapons
 m - a +0 hand axe (weapon)
Missiles
 b - 68 stones (quivered)
Armour
 n - a +1 chain mail (worn)
 s - a +0 buckler (worn)
Jewellery
 x - a ring of stealth (right hand)
 V - an amulet of rage (around neck)
Scrolls
 R - 2 scrolls of identify
 T - a scroll of teleportation
 W - a scroll of random uselessness {unknown}
Potions
 e - a potion of lignification {unknown}
 f - a potion of magic {unknown}
 p - a potion of cancellation {unknown}
 q - a potion of berserk rage {unknown}
 Q - a potion of curing
Comestibles
 d - 4 rations
 U - 4 chunks of flesh


   Skills:
 + Level 3.9 Fighting
 + Level 2.2 Axes
 + Level 2.2 Armour
 - Level 2.1 Dodging
 - Level 1.5 Stealth
 + Level 1.6 Shields
 - Level 1.3 Spellcasting
   Level 0.7 Transmutations
 - Level 2.4 Earth Magic


You had 5 spell levels left.
You knew the following spells:

 Your Spells              Type           Power        Failure   Level  Hunger
a - Sandblast             Erth           #.....       98%         1    ##.....


Dungeon Overview and Level Annotations

Branches:
Dungeon (3/15)

Altars:

Annotations:
D:3 George's ghost, amateur MiFi


Innate Abilities, Weirdness & Mutations

You reflexively headbutt those who attack you in melee.
You have a pair of horns on your head.


Message History

Your chain mail prevents you from hitting the bat!
The bat is moderately wounded!
Your chain mail prevents you from hitting George's ghost!
You slice the kobold like a ripe choko!
You annihilate the kobold!!!
You open the adder but do no damage! The bat hits you but does no damage!
The adder barely misses you! George's butt butts you!!!
The adder barely misses you! George's ghost barely misses you!
You block the bat's attack! The adder bites you but does no damage!
Unknown command!
You butt the bat's attack!
The adder bites you!
George's ghost hits you!!! * * * don't die
* * * The bat completely misses you!
The adder bites you but does no damage!
You feel better! The bat barely misses you! You furiously retaliate!!!
You headbutt the bat!
You annihilate the bat!!!
The adder bites you but does no damage!
George's ghost hits you!!! * * * don't die
* * * The adder bites you but does no damage!
George's ghost hits you!!! rip

$..........................
.................#.#.######
.................#.#.# ...#
.................#.#.##...#
....)............#.#.##...#
..........†......#.#..+...#
......)...†(!....#.####...#
.........W.......#.##.....#
.........†@......#.##.....#
.........S................#
................##........#
................##......###
..........(.....#######.#
................# #.###
................. #....
................ #....
#....


You could see George's ghost and an adder.

Vanquished Creatures
  An orc priest (D:3)
  3 adders
  3 worms (D:3)
  A dart slug (D:2)
  2 leopard geckos (D:3)
  4 orcs (D:3)
  2 giant cockroaches (D:2)
  14 goblins
  8 hobgoblins
  A quokka (D:2)
  A ball python (D:1)
  9 bats
  4 frilled lizards
  8 kobolds
  7 rats
68 creatures vanquished.

Notes
Turn   | Place    | Note
-------+----------+-------------------------------------------
     0 | D:1      | Gorglomux the Minotaur Earth Elementalist began the quest for the Orb.
     0 | D:1      | Reached XP level 1. HP: 14/14 MP: 1/1
    30 | D:1      | Reached skill level 1 in Fighting
   225 | D:1      | Reached skill level 2 in Fighting
   225 | D:1      | Reached XP level 2. HP: 18/24 MP: 0/3
   717 | D:1      | Reached skill level 3 in Fighting
   908 | D:2      | Reached XP level 3. HP: 31/31 MP: 4/4
  1004 | D:2      | Reached skill level 1 in Axes
  1004 | D:2      | Reached skill level 1 in Armour
  1562 | D:3      | Reached XP level 4. HP: 33/38 MP: 5/5
  1610 | D:3      | Reached skill level 1 in Shields
  2021 | D:3      | Reached XP level 5. HP: 38/46 MP: 6/6
  2024 | D:3      | Noticed George's ghost (amateur MiFi)
  2033 | D:3      | HP: 1/46 [George's ghost (10)]
  2033 | D:3      | Mangled by George's ghost

Vault maps used:
D:1:      minmay_arrival_four_houses
D:2:      first_ration, nicolae_underground_beach

Skill      XL: |  1  2  3  4 |
---------------+-------------+-----
Fighting       | 2 3 |  3.9
Axes           | 1 2 |  2.2
Armour         | 1 2 |  2.2
Shields        | 1 |  1.6
Dodging        | |  2.1
Stealth        | |  1.5
Spellcasting   | |  1.3
Transmutations | |  0.7
Earth Magic    | |  2.4

Action                   |  1- 3 |  4- 6 || total
-------------------------+-------+-------++-------
Melee: Unarmed           |    37 |       ||    37
       Headbutt          |    19 |     7 ||    26
       Hand axe          |    99 |    60 ||   159
       Dagger            |    13 |       ||    13
Throw: Stone             |     2 |       ||     2
 Cast: Sandblast         |     2 |       ||     2
 Abil: Evoke Berserk Rag |       |     2 ||     2
  Use: Scroll            |     5 |       ||     5
       Potion            |       |     1 ||     1
 Stab: Sleeping          |     1 |       ||     1
  Eat: Chunk             |     2 |     3 ||     5
Armor: Robe              |     7 |       ||     7
       Chain mail        |    85 |    44 ||   129
Dodge: Dodged            |    77 |    23 ||   100
Block: Buckler           |       |    11 ||    11

Table legend:
 A = Spawn XP
 B = Non-spawn XP
 C = Spawn XP percentage of total XP
 D = Spawn monster count
 E = Non-spawn monster count
 F = Spawn count percentage of total count
 G = Total turns spent on level
                    A         B        C        D         E        F      G
               +---------+---------+-------+---------+---------+-------+---------
         Total |       0 |     203 |   0.0 |       0 |      68 |   0.0 |  2033
               +---------+---------+-------+---------+---------+-------+---------
           D:1 |       0 |      31 |   0.0 |       0 |      19 |   0.0 |   867
           D:2 |       0 |      59 |   0.0 |       0 |      21 |   0.0 |   612
           D:3 |       0 |     113 |   0.0 |       0 |      28 |   0.0 |   554
               +---------+---------+-------+---------+---------+-------+---------
